cohdb
Replays
Latest Replays
All Replays
Popular Replays
Top Player Replays
Match Explorer
How It Works
Community
CoH3 Stats
Reddit
Sign in to upload your games and track your stats! →
Sign in with Steam
Match 45469800
Unlisted
Match 45469800
Overview
Messages
Build Orders
End
Kradschützen Motorcycle Team
Panzerpioneer Squad
Selects Panzerjäger Kommand Battlegroup
Selects Mine Fields
Panzerpioneer Squad
Panzerpioneer Squad
Construct Light Support Kompanie
Assault Grenadier Squad
2.5-tonne Medical Truck
Selects Tank Busters
Panzerjäger Mechanized Group
Construct Mechanized Kompanie
Support Armor Elements
Selects Early Warning
Veteran Squad Leaders
StuG III D Assault Gun
Rapid Advance
Panzerjäger Squad
Flakvierling Half-track
Selects Butterfly Bomb Drop
18-tonne Recovery Half-track
Selects Crew Shock Tactics
Emergency Repair Kits
Vehicle Survival Package
Construct Panzerarmee Kommand
Armored Reserves
Selects Elefant Tank Destroyer
XBoundTTV
Polka_Pete
0
0
Comments
sign in to comment!
No comments posted yet!